 Dungeon Crawl Stone Soup version 0.27-a0-448-gace5c5693b (webtiles) character file.

Game seed: 5202952351158024930

28893 wampuh the Basher (level 13, 0/111 HPs)
             Began as a Minotaur Gladiator on Feb 28, 2021.
             Was an Elder of Qazlal.
             Slain by a cane toad (18 damage)
             ... on level 4 of the Lair of Beasts.
             The game lasted 00:18:48 (16819 turns).

wampuh the Basher (Minotaur Gladiator)             Turns: 16819, Time: 00:18:49

Health: 0/111      AC: 14    Str: 28    XL:     13   Next: 12%
Magic:  15/19      EV: 14    Int:  5    God:    Qazlal [****..]
Gold:   324        SH: 10    Dex: 18    Spells: 12/12 levels left

rFire    + . .     SeeInvis +   a - +10 dark maul {vorpal}
rCold    + . .     Faith    .   (shield currently unavailable)
rNeg     . . .     Spirit   .   M - +0 plate armour
rPois    .         Reflect  +   c - +0 hat
rElec    .         Harm     .   S - scarf {rC+ rF+}
rCorr    .         Rampage  .   (no gloves)
Will     .....                  (no boots)
Stlth    ..........             d - amulet of reflection
HPRegen  0.28/turn              L - +6 ring of strength
MPRegen  0.16/turn              u - ring "Zimaro" {Str+4 SInv}

@: slowed, repel missiles, very slow
A: retaliatory headbutt, horns 2
a: Renounce Religion, Upheaval, Elemental Force


You were on level 4 of the Lair of Beasts.
You worshipped Qazlal.
Qazlal was greatly pleased with you.
You visited 3 branches of the dungeon, and saw 16 of its levels.

You collected 1611 gold pieces.
You spent 1287 gold pieces at shops.

Inventory:

Hand Weapons
 a - the +10 dark maul (weapon) {vorpal}
   (You bought it in a shop on level 7 of the Dungeon)

   It inflicts extra damage upon your enemies.
 b - a +0 shortbow
Missiles
 y - 364 arrows
Armour
 c - a +0 hat (worn)
 p - a +0 cloak
 M - a +0 plate armour (worn)
 S - a scarf of resistance (worn)
Jewellery
 d - an amulet of reflection (around neck)
 f - a ring of ice
 n - a ring of resist corrosion
 u - the ring "Zimaro" (right hand) {Str+4 SInv}
   (You found it on level 4 of the Dungeon)

   [ring of see invisible]

   It affects your strength (+4).
   It lets you see invisible.
 D - a ring of protection from fire
 L - a +6 ring of strength (left hand)
 N - a ring of flight
 P - a ring of wizardry
 Q - a ring of fire
 T - a ring of magical power
Wands
 l - a wand of paralysis (11)
 C - a wand of digging (4)
 E - a wand of polymorph (21)
 F - a wand of iceblast (10)
 W - a wand of flame (14)
Scrolls
 e - a scroll of enchant armour
 h - 7 scrolls of enchant weapon
 j - 6 scrolls of teleportation
 k - 2 scrolls of magic mapping
 m - 4 scrolls of fog
 o - 2 scrolls of random uselessness
 q - 5 scrolls of blinking
 s - 5 scrolls of fear
 z - 2 scrolls of noise
 I - a scroll of vulnerability {unknown}
 K - a scroll of brand weapon
 O - a scroll of amnesia {unknown}
 U - 2 scrolls of identify
Potions
 g - a potion of mutation {unknown}
 i - 13 potions of curing
 r - 4 potions of attraction
 t - 10 potions of degeneration
 v - a potion of curing
 w - 2 potions of flight
 x - 2 potions of cancellation {unknown}
 A - a potion of ambrosia
 B - a potion of brilliance {unknown}
 G - 3 potions of heal wounds
 H - a potion of lignification {unknown}
 R - a potion of invisibility {unknown}
 V - a potion of resistance {unknown}
Miscellaneous
 J - a lightning rod (4/4)


   Skills:
 - Level 9.4 Fighting
 - Level 7.8 Long Blades
 * Level 13.7(14.0) Maces & Flails
 - Level 4.9(10.3) Staves
 - Level 2.0 Throwing
 - Level 10.0 Armour
 - Level 10.0 Dodging
 + Level 9.3 Invocations
 - Level 5.0 Evocations


You had 12 spell levels left.
You didn't know any spells.
Your spell library contained the following spells:

 Spells                   Type           Power        Failure   Level
 Freeze                   Ice            0%           99%         1
 Summon Small Mammal      Summ           0%           99%         1
 Call Imp                 Summ           0%           100%        2
 Call Canine Familiar     Summ           0%           100%        3
 Confusing Touch          Hex            0%           100%        3
 Frozen Ramparts          Ice            0%           100%        3
 Gell's Gravitas          Tloc           0%           100%        3
 Ozocubu's Armour         Ice            0%           100%        3
 Summon Guardian Golem    Hex/Summ       0%           100%        3
 Hailstorm                Conj/Ice       0%           100%        4
 Petrify                  Tmut/Erth      0%           100%        4
 Summon Ice Beast         Ice/Summ       0%           100%        4
 Summon Lightning Spire   Summ/Air       0%           100%        4
 Metabolic Englaciation   Hex/Ice        0%           100%        5
 Yara's Violent Unravell  Hex/Tmut       0%           100%        5


Dungeon Overview and Level Annotations

Branches:
Dungeon (11/15)            Temple (1/1) D:4            Lair (4/6) D:9
 Shoals (0/4) Lair:4        Snake (0/4) Lair:2
    Orc: D:9-12

Altars:
Ashenzari
Cheibriados
Dithmenos
Elyvilon
Fedhas
Gozag
Hepliaklqana
Kikubaaqudgha
Makhleb
Nemelex Xobeh
Okawaru
Qazlal
Ru
Sif Muna
Trog
Uskayaw
Vehumet
Wu Jian
Xom
Yredelemnul
Zin
The Shining One

Shops:
D:5 !   D:7 (

Annotations:
D:8 1 runed translucent door, ArcanElement's ghost, journeyman HaHu
D:11 3 runed translucent doors, Snicker's ghost, journeyman DsDe


Innate Abilities, Weirdness & Mutations

You reflexively headbutt those who attack you in melee.
You have a pair of horns on your head.


Message History

The six-headed hydra is moderately wounded.
The six-headed hydra bites you! x2
The six-headed hydra bites you but does no damage. x2
You block the six-headed hydra's attack.
The six-headed hydra bites you.
A cane toad comes into view.
The six-headed hydra bites you. The six-headed hydra bites you!
The six-headed hydra closely misses you. x2
The six-headed hydra bites you but does no damage. x2
The six-headed hydra bites you.
The six-headed hydra bites you but does no damage.
You block the six-headed hydra's attack.
The six-headed hydra misses you. The six-headed hydra bites you.
The six-headed hydra bites you but does no damage.
You crush the six-headed hydra like a grape!!!
You kill the six-headed hydra!
Qazlal accepts your kill.
The cane toad is engulfed in freezing vapours.
The cane toad seems to slow down.
The cane toad stings you but does no damage.
A torpor snail comes into view.
Being near the torpor snail leaves you feeling lethargic.
You hit the cane toad.
The cane toad is moderately wounded.
The cane toad stings you!
* * * LOW HITPOINT WARNING * * *
You block the cane toad's attack. The cane toad stings you!
* * * LOW HITPOINT WARNING * * *
Unknown command.
You hear a bellow! x2
The torpor snail is engulfed in freezing vapours.
You see here a hydra corpse.
Aiming: Upheaval
Press: ? - help, Dir - move target The ground shakes violently, spewing rubble!
The blast of rubble hits the torpor snail!
The torpor snail is heavily wounded.
The cane toad is no longer moving slowly.
The cane toad stings you!!
You die...

,,,,,,,,,#P....##,,,,,,*,,,,,,,,*
,,,,**,,+#......#*,,,*,,,,,,,,,**
,,,,,*,,.PP......,,,,**,....,,,,,
,,,,,*,,.......(.,,..,**.......#*
,,,,**,,.#...<..#*,<.♣*#P......##
,,,,**,,........#,,,,.#.........#
,,,,***,**#....†##,*,#..#......#*
,,,,,*,,,##....wF#####.##......#*
,,,,,,,,......○.@..............#*
,,,,,,,,..#######.○............##
,,,,,,,+***≈≈≈≈≈####.............
,,,,,,,*≈≈≈*≈≈≈*≈≈≈#.............
,,,,,,,*≈≈≈*≈≈≈*≈≈≈#....P........
,,,,,,,*≈≈≈*****≈≈≈#.##.#P.......
,,,,,,,*****≈≈≈+***#.####......##
,,,,**,,,*≈≈≈>≈≈≈*,.?# ##....##
,,,,**,****+≈≈≈***##.** #P.....#*


You could see a torpor snail and a cane toad.

Vanquished Creatures
  Snorg (Lair:3)
  A boulder beetle (Lair:3)
  3 hydras
  2 two-headed ogres (D:10)
  Nergalle (Lair:3)
  A skeletal warrior (D:10)
  2 unseen horrors (D:11)
  A lindwurm (Lair:3)
  Pikel (D:6)
  An ugly thing (D:11)
  2 black mambas
  4 centaur zombies
  3 elephants (Lair:3)
  9 cane toads
  2 rime drakes
  3 komodo dragons
  2 hornets
  4 blink frogs (Lair:3)
  4 flying skulls (D:10)
  Sigmund (D:5)
  3 wraiths (D:10)
  14 yaks
  3 wyverns
  3 basilisks
  Menkaure (D:5)
  The ghost of foci the Covered, an amateur GrFi (D:4)
  A naga (Lair:2)
  An acid dragon (D:11)
  Duvessa (D:5)
  6 water moccasins
  A sky beast (D:9)
  3 black bears
  3 eyes of draining
  An ice beast (D:5)
  A hornet zombie (D:9)
  2 necrophages (D:11)
  5 wolves (Lair:3)
  9 centaurs
  5 ogres
  A lemure (D:6)
  15 bullfrogs
  Dowan (D:5)
  4 wyvern skeletons
  4 scorpions
  15 killer bees
  4 howler monkeys
  8 wights
  4 bullfrog zombies
  A quasit (D:9)
  7 hounds
  3 jellies
  6 centaur skeletons
  7 orc priests
  5 bullfrog skeletons
  A gnoll shaman (D:4)
  5 iguanas
  8 orc wizards
  9 worker ants
  2 hound zombies
  2 hound skeletons
  A howler monkey zombie (D:8)
  3 worker ant zombies
  10 gnolls
  13 adders
  4 shadow imps
  6 white imps
  2 ufetubi
  An ooze (D:4)
  2 adder zombies
  6 dart slugs
  5 leopard geckos
  31 orcs
  3 ball pythons
  11 giant cockroaches
  11 goblins
  6 hobgoblins
  8 jackals (D:6)
  2 quokkas
  7 bats
  6 frilled lizards
  5 kobolds
  A leopard gecko skeleton (D:7)
  A leopard gecko zombie (D:5)
  A quokka zombie (D:10)
  9 rats
379 creatures vanquished.

Vanquished Creatures (others)
  10 fungi
  19 plants
  3 withered plants (D:11)
32 creatures vanquished.

Grand Total: 411 creatures vanquished

Notes
Turn   | Place    | Note
-------+----------+-------------------------------------------
     0 | D:1      | wampuh the Minotaur Gladiator began the quest for the Orb.
     0 | D:1      | Reached XP level 1. HP: 18/18 MP: 0/0
   292 | D:1      | Reached skill level 1 in Armour
   292 | D:1      | Reached XP level 2. HP: 25/25 MP: 1/1
   849 | D:2      | Reached XP level 3. HP: 31/31 MP: 2/2
  1711 | D:3      | Reached XP level 4. HP: 29/38 MP: 3/3
  2445 | D:3      | Reached XP level 5. HP: 41/46 MP: 4/4
  2844 | D:4      | Reached skill level 5 in Long Blades
  2860 | D:4      | Reached XP level 6. HP: 25/53 MP: 5/5
  3110 | D:4      | Reached skill level 5 in Dodging
  3339 | D:4      | Found a transporter.
  3342 | D:4      | Noticed foci's ghost (amateur GrFi)
  3361 | D:4      | Reached skill level 5 in Fighting
  3648 | D:4      | Found a staircase to the Ecumenical Temple.
  3694 | D:4      | Found a transporter.
  4089 | D:4      | Identified the ring "Zimaro" {Str+4 SInv}
  4105 | D:5      | Entered Level 5 of the Dungeon
  4113 | D:5      | Reached XP level 7. HP: 57/61 MP: 6/6
  4134 | D:5      | Found Rokeeg's Distillery.
  4138 | D:5      | Bought a potion of curing for 42 gold pieces
  4138 | D:5      | Bought a potion of flight for 42 gold pieces
  4138 | D:5      | Bought a potion of heal wounds for 70 gold pieces
  4156 | D:5      | Reached skill level 5 in Armour
  4378 | D:5      | Noticed Menkaure
  4387 | D:5      | Killed Menkaure
  4746 | D:5      | Noticed Sigmund
  4975 | D:5      | Killed Sigmund
  5460 | D:5      | Reached XP level 8. HP: 52/68 MP: 7/7
  5652 | D:5      | Noticed Duvessa
  5652 | D:5      | Noticed Dowan
  5661 | D:5      | Killed Duvessa
  5663 | D:5      | Killed Dowan
  6309 | D:6      | Reached skill level 10 in Dodging
  6651 | D:6      | Reached skill level 1 in Evocations
  6858 | D:6      | Found a basalt altar of Yredelemnul.
  6940 | D:6      | Noticed Pikel
  6956 | D:6      | Reached XP level 9. HP: 62/74 MP: 8/8
  6972 | D:6      | Killed Pikel
  7882 | D:7      | Found Mylehink's Antique Weapon Emporium.
  7912 | D:7      | Identified the +4 quarterstaff "Cuissiw" {holy, rPois
                  | Dex+5}
  8036 | D:7      | Reached skill level 1 in Staves
  9062 | D:8      | Found a runed translucent door.
  9062 | D:8      | Noticed ArcanElement's ghost (journeyman HaHu)
  9610 | Temple   | Entered the Ecumenical Temple
  9673 | Temple   | Became a worshipper of Qazlal Stormbringer
  9810 | D:4      | Killed foci's ghost
 10104 | D:9      | Reached XP level 10. HP: 84/84 MP: 9/9
 10499 | D:9      | Found a staircase to the Lair.
 10881 | D:9      | Reached * piety under Qazlal
 11471 | D:10     | Entered Level 10 of the Dungeon
 11657 | D:10     | Reached skill level 5 in Evocations
 11766 | D:10     | Reached skill level 1 in Maces & Flails
 11766 | D:10     | Reached skill level 1 in Invocations
 11875 | D:10     | Noticed a two-headed ogre
 11888 | D:10     | Reached skill level 2 in Maces & Flails
 11894 | D:10     | Killed a two-headed ogre
 11895 | D:10     | Reached skill level 3 in Maces & Flails
 12304 | D:10     | Reached skill level 4 in Maces & Flails
 12304 | D:10     | Reached XP level 11. HP: 95/95 MP: 12/12
 12307 | D:10     | Reached ** piety under Qazlal
 12335 | D:10     | Noticed a skeletal warrior
 12362 | D:10     | Killed a skeletal warrior
 12371 | D:10     | Reached skill level 5 in Maces & Flails
 12495 | D:10     | Reached skill level 10 in Armour
 12575 | D:10     | Noticed a two-headed ogre
 12581 | D:10     | Killed a two-headed ogre
 12694 | D:10     | Identified a scroll of acquirement
 12694 | D:10     | Acquired 731 gold pieces
 12847 | D:7      | Bought the +10 dark maul {vorpal} for 1133 gold pieces
 12847 | D:7      | Found the +10 dark maul {vorpal}
 13399 | D:11     | Noticed an unseen horror
 13407 | D:11     | Reached skill level 6 in Maces & Flails
 13407 | D:11     | Reached skill level 5 in Invocations
 13408 | D:11     | Killed an unseen horror
 13416 | D:11     | Reached skill level 7 in Maces & Flails
 13539 | D:11     | Reached *** piety under Qazlal
 13544 | D:11     | Noticed an unseen horror
 13559 | D:11     | Killed an unseen horror
 13628 | D:11     | Reached skill level 8 in Maces & Flails
 13694 | D:11     | Noticed a purple ugly thing
 13697 | D:11     | Killed a purple ugly thing
 13780 | D:11     | Identified the +11 rapier of the Leaping Oracle {freeze,
                  | Int+2}
 13841 | D:11     | Identified the +4 short sword "Pystocul" {flame, Str+3
                  | Stlth+}
 13996 | D:11     | Reached skill level 9 in Maces & Flails
 14143 | D:11     | Found a runed translucent gate.
 14144 | D:11     | Found a runed translucent gate.
 14144 | D:11     | Found a runed translucent gate.
 14145 | D:11     | Noticed Snicker's ghost (journeyman DsDe)
 14256 | Lair:1   | Entered Level 1 of the Lair of Beasts
 14538 | Lair:1   | Reached XP level 12. HP: 105/105 MP: 15/15
 14626 | Lair:1   | Identified the +3 ring mail "Yteg" {-Tele Rampage rN+
                  | Int+4}
 14634 | Lair:1   | Identified the +1 ring mail of Sajodymm {rC+}
 14638 | Lair:1   | Identified the +4 spear "Goblinslayer" {venom, rElec Str+4
                  | Int-4 SInv}
 14686 | Lair:1   | Reached skill level 10 in Maces & Flails
 15254 | Lair:2   | Noticed a six-headed hydra
 15260 | Lair:2   | Killed a six-headed hydra
 15261 | Lair:2   | Reached skill level 11 in Maces & Flails
 15261 | Lair:2   | Reached **** piety under Qazlal
 15439 | Lair:2   | Found a staircase to the Snake Pit.
 15719 | Lair:3   | Reached skill level 12 in Maces & Flails
 15763 | Lair:3   | Noticed Snorg
 15770 | Lair:3   | Killed Snorg
 15835 | Lair:3   | Noticed Nergalle
 15840 | Lair:3   | Killed Nergalle
 16134 | Lair:3   | Noticed a boulder beetle
 16144 | Lair:3   | Killed a boulder beetle
 16145 | Lair:3   | Reached skill level 13 in Maces & Flails
 16212 | Lair:3   | Found a hide-covered altar of Uskayaw.
 16308 | Lair:3   | Reached XP level 13. HP: 97/111 MP: 18/18
 16610 | Lair:3   | Found an ornate altar of the Wu Jian Council.
 16819 | Lair:4   | Slain by a cane toad

Illustrated notes

Levels and vault maps discovered:
D:1:      onia_arrival_pyramid, layout_basic, minmay_misc_feat_plants,
          fountainhead, item_on_display_a
D:2:      layout_loops_ring
D:3:      layout_loops_corners, minmay_mini_jars
D:4:      layout_basic, minmay_temple_entry_offerings, gammafunk_ghost_arena,
          minmay_cut_off
D:5:      cheibrodos_barr_body, layout_basic, serial_shops,
          nicolae_shop_behind_doors, uniq_sigmund, uniq_duvessa, uniq_menkaure
D:6:      layout_cave_pods, lemuel_crystal_altar, minmay_misc_feat_encased,
          uniq_pikel
D:7:      layout_loops_ring, serial_shops, shop
D:8:      layout_basic, gammafunk_ghost_grave
D:9:      layout_stronghold, lair_entry_dummy
D:10:     hangedman_screamer, layout_basic
D:11:     layout_loops_ring, ebering_ghost_rock_garden, serial_undead,
          serial_undead_c, serial_undead_d, serial_undead_c, serial_undead_c
Temple:   nicolae_temple_the_god_donut
Lair:1:   layout_roguey
Lair:2:   layout_roguey, guppyfry_snake_entry_island
Lair:3:   layout_loops_ring, nzn_masters_of_martial_movement, uniq_snorg,
          uniq_nergalle
Lair:4:   layout_regular_city, elwin_shoals_entry_rooms,
          portal_ice_cave_entry_pillars_2, minmay_another_anthill,
          serial_bayou_shore_b, grunt_megastairs_3

Skill      XL: |  1  2  3  4  5  6  7  8  9 10 11 12 |
---------------+-------------------------------------+-----
Armour         | 1 2 3 4 5 7 9 10 | 10.0
Long Blades    | 4 5 6 7 |  7.8
Fighting       | 3 4 5 6 8 9 |  9.4
Dodging        | 4 5 8 10 | 10.0
Evocations     | 1 4 5 |  5.0
Staves         | 3 4 |  4.9
Maces & Flails | 4 9 13 | 13.7
Invocations    | 3 6 9 |  9.3
Throwing       | |  2.0

Action                   |  1- 3 |  4- 6 |  7- 9 | 10-12 | 13-15 || total
-------------------------+-------+-------+-------+-------+-------++-------
Melee: Long sword        |    59 |   128 |   173 |       |       ||   360
       Headbutt          |    14 |    33 |    85 |    90 |     1 ||   223
       Quarterstaff      |       |       |    59 |   224 |       ||   283
       Maul              |       |       |       |   107 |     8 ||   115
Throw: Throwing net      |       |     1 |     2 |       |       ||     3
Invok: Upheaval          |       |       |       |       |     1 ||     1
Evoke: Wand              |       |       |       |     4 |       ||     4
  Use: Scroll            |       |       |    12 |     2 |     1 ||    15
       Potion            |       |       |     2 |       |       ||     2
 Stab: Sleeping          |     2 |     1 |       |       |       ||     3
       Paralysed         |       |       |       |     3 |       ||     3
Armor: Leather armour    |    15 |    24 |    36 |       |       ||    75
       Scale mail        |       |       |     1 |       |       ||     1
       Chain mail        |       |       |       |    37 |       ||    37
       Plate armour      |       |       |       |    94 |    13 ||   107
Dodge: Dodged            |    30 |   111 |   241 |   246 |     8 ||   636
Block: Other             |       |       |    15 |   145 |     6 ||   166
       Reflection        |       |       |     2 |     4 |       ||     6
       Rpst.: Long sword |     8 |    30 |    42 |       |       ||    80

Table legend: (Time is in decaauts)
 A = Elapsed time spent in this place.
 B = Non-inter-level travel time spent in this place.
 C = Inter-level travel time spent in this place.
 D = Time resting spent in this place.
 E = Time spent auto-exploring this place.
 F = Levels seen in this place.
 G = Mean time per level.
                   A        B        C        D        E       F      G
               +--------+--------+--------+--------+--------+-----+--------+
         Total |  17089 |  16179 |    910 |   1744 |  12065 |  16 | 1068.1 |
       Dungeon |  14340 |  13482 |    858 |   1660 |   9884 |  11 | 1303.6 |
        Temple |     72 |     72 |      0 |      0 |     11 |   1 |   72.0 |
          Lair |   2675 |   2623 |     52 |     84 |   2170 |   4 |  668.8 |
               +--------+--------+--------+--------+--------+-----+--------+

Top non-repeatable levels by time:
     D:5: 2084 daAuts
     D:9: 1725 daAuts
     D:6: 1610 daAuts
     D:3: 1591 daAuts
    D:10: 1496 daAuts
     D:4: 1404 daAuts
  Lair:3: 1119 daAuts
     D:8: 1028 daAuts
     D:7: 916 daAuts
    D:11: 903 daAuts
     D:1: 813 daAuts
     D:2: 765 daAuts
  Lair:1: 760 daAuts
  Lair:2: 753 daAuts
  Temple: 72 daAuts
